[Event "Carnaval"]
[Site "Quebec CAN"]
[Date "2017.02.19"]
[Round "5"]
[White "Berube, Antoine"]
[Black "Bolduc, Steve"]
[Result "0-1"]
[Annotator "Boutin,Jean-roger"]
[ECO "E12"]
[WhiteElo "2239"]
[BlackElo "2223"]
[PlyCount "76"]
[GameId "2160767739706427"]
[EventDate "2017.02.17"]
[EventType "swiss"]
[EventRounds "5"]
[EventCountry "CAN"]
[TimeControl "900+2"]

1. d4 Nf6 2. c4 e6 3. Nf3 b6 4. a3 Ba6 5. Qc2 d5 6. e3 Be7 7. b4 O-O 8. Bb2 c5 9. dxc5 bxc5 10. b5 Bb7 11. Nbd2 a6 12. a4 axb5 13. axb5 Rxa1+ 14. Bxa1 Nbd7 15. Be2 dxc4 16. Nxc4 Nb6 17. O-O Be4 18. Qc3 Nxc4 19. Qxc4 Qa8 20. Bb2 Qb7 21. Ra1 Rc8 22. Ne1 Bd5 23. Qa4 c4 24. Bd4 Nd7 25. Qa6 e5 26. Qxb7 Bxb7 27. Bc3 Bc5 28. Bg4 Rc7 29. Rd1 Bc8 30. Bxe5 Nxe5 31. Rd8+ Bf8 32. Bxc8 Nd3 33. Kf1 Rc5 34. Bd7 Rd5 35. b6 Nc5 36. Rc8 Rxd7 37. Rc7 Rd8 38. b7 Rb8 0-1